 Dungeon Crawl Stone Soup version 0.31.0-9-g3a7656b989 (webtiles) character file.

Game seed: 11799788262313954964

32 EnegeticOcto the Ruffian (level 3, 36/36 HPs)
             Began as a Troll Monk on Jan 31, 2024.
             Was a Believer of Makhleb.
             Quit the game on level 2 of the Dungeon.
             The game lasted 00:00:49 (880 turns).

EnegeticOcto the Ruffian (Troll Monk)                Turns: 880, Time: 00:00:50

Health: 36/36      AC:  4    Str: 19    XL:     3   Next: 8%
Magic:  2/2        EV: 10    Int:  6    God:    Makhleb [**....]
Gold:   95         SH:  0    Dex: 14    Spells: 2/2 levels left

rFire   . .          .
                       - Unarmed
rCold   . . .        c - orb {light}
rNeg    . . .        a - +0 robe
rPois   .            (helmet restricted)
rElec   .            (no cloak)
rCorr   .            (gloves unavailable)
SInv    .            (boots unavailable)
Will    .....        (no amulet)
Stlth   +            (no ring)
HPRegen 1.06/turn    (no ring)
MPRegen 0.08/turn

%: no passive effects
@: glowing
A: large, unfitting armour, claws 3, regeneration 1, shaggy fur 1, tough skin 1
a: Renounce Religion, Minor Destruction


You were on level 2 of the Dungeon.
You worshipped Makhleb.
Makhleb was pleased with you.
You visited 1 branch of the dungeon, and saw 2 of its levels.

You collected 95 gold pieces.

Inventory:

Armour
 a - a +0 robe (worn)
 c - an orb of light (worn)
Jewellery
 g - a ring of magical power
   (You found it on level 2 of the Dungeon)
Scrolls
 d - a scroll of teleportation {unknown}
Potions
 b - a potion of ambrosia
 e - a potion of attraction {unknown}
 f - 2 potions of curing {unknown}
 h - a potion of haste {unknown}


   Skills:
 + Level 2.6 Fighting
 + Level 0.7 Armour
 + Level 2.6 Dodging
 * Level 3.5 Unarmed Combat


You had 2 spell levels left.
You didn't know any spells.
Your spell library was empty.

Dungeon Overview and Level Annotations

Branches:
Dungeon (2/15) Zot: 11122

Altars:
Makhleb


Innate Abilities, Weirdness & Mutations

You are too large for most types of armour.
You have claws for hands.
Your natural rate of healing is unusually fast.
You are covered in fur. (AC +1)
You have tough skin. (AC +1)


Message History

The jackal closely misses you.
The endoplasm hits you but does no damage.
The jackal bites you but does no damage.
You scratch the endoplasm.
You kill the endoplasm!
The jackal bites you but does no damage.
You scratch the jackal but do no damage.
The jackal bites you.
You scratch the jackal but do no damage.
The jackal bites you but does no damage.
The jackal barely misses you.
You scratch the jackal.
The jackal is moderately wounded.
The jackal completely misses you.
You scratch the jackal.
You kill the jackal!
You scratch the jackal.
The jackal is severely wounded.
The jackal bites you. The jackal closely misses you.
You scratch the jackal.
You kill the jackal!
Found a leather armour.
You see here a jackal corpse.
HP restored.
You see here a +0 leather armour.
Found a stone staircase leading down.
Found a stone staircase leading up.
g - a ring of magical power
There is a stone staircase leading up here.
Found a ring mail.
Found an escape hatch in the ceiling.
You see here a +0 ring mail.
A goblin comes into view. It is wielding a +0 dagger.
The goblin shouts!
A goblin is nearby!
A goblin is nearby!
A frilled lizard comes into view.
Found 8 stones.
Found a fizzy ruby potion.
The goblin hits you but does no damage.
You barely miss the goblin. The goblin barely misses you.
You scratch the goblin.
You kill the goblin!
You have reached level 3!
Your experience leads to an increase in your attributes!
Increase (s)trength, (i)ntelligence, or (d)exterity?
You feel agile. x2; You feel stronger.
You claw the frilled lizard!
You kill the frilled lizard!
No target in view!
No target in view!
No target in view!
Found a robe.
f - 2 fizzy ruby potions (gained 1)
Things that are here:
a +0 dagger; a goblin corpse You open the door.
A ball python comes into view.
Found a fizzy orange potion.
A ball python is nearby!
A ball python is nearby!
You barely miss the ball python.
The ball python bites you but does no damage.
You claw the ball python!
You kill the ball python!
No target in view!
No target in view!
No target in view!
No target in view!
No target in view!
No target in view!
A goblin comes into view. It is wielding a +0 dagger.
The goblin shouts!
A goblin is nearby!
A goblin is nearby!
There is an open door here.
You see here a ball python corpse.
You claw the goblin!
You kill the goblin!
No target in view!
No target in view!
No target in view!
No target in view!
h - a fizzy orange potion You open the door.
A rat comes into view.
The rat squeaks loudly.
Found a faded altar of an unknown god.
A rat is nearby!
You claw the rat!
You kill the rat!
No target in view!
No target in view!
No target in view!
There is an open door here.
There is a faded altar of an unknown god here.
This altar belongs to (a) Makhleb, (b) Uskayaw or (c) Ru, but you can't tell which.
Press the corresponding letter to learn more about a god, or press enter to convert or escape to cancel.
Makhleb accepts your prayer! Makhleb welcomes you!
You can now gain health from killing.
You can now harness Makhleb's destructive might.
Are you sure you want to abandon this character and quit the game? (Confirm with "yes".)

### .. ..# ###.#########.#
#J..#.......#.#
#.#.#.......#.#
#.#.#..###..#.#
#.#.#..#@#..†.#
#.#.#..#'#..#.###
#.<.#.....).#...###
#..#.#.......#.#...#
#..##†#########.###.#######
#.# #[...[....[.# #...#....
... #..#######.## ###......
.######.## ##.# ###)...
......>..#######..########....


There were no monsters in sight!

Vanquished Creatures
  An adder (D:2)
  2 ball pythons
  2 endoplasms
  3 jackals (D:2)
  A kobold (D:1)
  2 quokkas (D:1)
  A bat (D:1)
  A frilled lizard (D:2)
  5 goblins
  4 rats
22 creatures vanquished.

Notes
Turn   | Place    | Note
-------+----------+-------------------------------------------
     0 | D:1      | EnegeticOcto the Troll Monk began the quest for the Orb.
     0 | D:1      | Reached XP level 1. HP: 22/22 MP: 0/0
   194 | D:1      | Reached XP level 2. HP: 29/29 MP: 1/1
   830 | D:2      | Reached XP level 3. HP: 36/36 MP: 2/2
   875 | D:2      | Found a faded altar of an unknown god.
   879 | D:2      | Prayed at the altar of an unknown god.
   879 | D:2      | Became a worshipper of Makhleb the Destroyer
   879 | D:2      | Reached * piety under Makhleb
   879 | D:2      | Reached ** piety under Makhleb
   880 | D:2      | Quit the game

Illustrated notes

Levels and vault maps discovered:
D:1:      saegor_arrival_under_anarchy, layout_loops_ring, minmay_pentomino_u2
D:2:      layout_rooms, hellmonk_ecumenical_altar_inner_sanctum

Action                     || total
---------------------------++-------
  Melee: Unarmed           ||    49
 Armour: Robe              ||    25
  Dodge: Dodged            ||    22

Table legend:
 A = Kills in this place as a percentage of kills in the entire game.
 B = Kills by you in this place as a percentage of kills by you in the entire game.
 C = Kills by friends in this place as a percentage of kills by friends in the entire game.
 D = Other kills in this place as a percentage of other kills in the entire game.
 E = Experience gained in this place as a percentage of experience gained in the entire game.
 F = Experience gained in this place divided by the number of levels of this place that you have seen.
                   A       B       C       D       E      F
               +-------+-------+-------+-------+-------+----------------------
         Total | 100.0 | 100.0 |   N/A |   N/A | 100.0 |  23.0
       Dungeon | 100.0 | 100.0 |   N/A |   N/A | 100.0 |  23.0
               +-------+-------+-------+-------+-------+----------------------

Table legend: (Time is in decaauts)
 A = Elapsed time spent in this place.
 B = Non-inter-level travel time spent in this place.
 C = Inter-level travel time spent in this place.
 D = Time resting spent in this place.
 E = Time spent auto-exploring this place.
 F = Levels seen in this place.
 G = Mean time per level.
                   A        B        C        D        E       F      G
               +--------+--------+--------+--------+--------+-----+--------+
         Total |    877 |    826 |     51 |      0 |    717 |   2 |  438.5 |
       Dungeon |    877 |    826 |     51 |      0 |    717 |   2 |  438.5 |
               +--------+--------+--------+--------+--------+-----+--------+

Top non-repeatable levels by time:
     D:1: 768 daAuts
     D:2: 109 daAuts
